 Dungeon Crawl Stone Soup version 0.30-a0-341-g682706514a (webtiles) character file.

Game seed: 8200043697395171297

134 p00ps00p the Trooper (level 5, -1/47 HPs)
             Began as a Hill Orc Fighter on Nov 1, 2022.
             Killed from afar by Ijyb (8 damage)
             ... with an iceblast
             ... on level 4 of the Dungeon.
             The game lasted 00:07:25 (2794 turns).

p00ps00p the Trooper (Hill Orc Fighter)             Turns: 2794, Time: 00:07:26

Health: -1/47      AC:  7    Str: 19    XL:     5   Next: 17%
Magic:  5/5        EV: 10    Int:  8    God:
Gold:   272        SH:  5    Dex: 12    Spells: 4/4 levels left

rFire   . . .      SeeInvis .    a - +1 war axe
rCold   . . .      Faith    .    c - +0 buckler
rNeg    + . .      Spirit   .    i - +2 ring mail {rN+}
rPois   .          Reflect  .    (no helmet)
rElec   .          Harm     .    (no cloak)
rCorr   .          Rampage  .    (no gloves)
Will    .....                    (no boots)
Stlth   +.........               (no amulet)
HPRegen 0.27/turn                (no ring)
MPRegen 0.09/turn                (no ring)

@: no status effects
A: no striking features
a: no special abilities


You were on level 4 of the Dungeon.
You visited 1 branch of the dungeon, and saw 4 of its levels.

You collected 272 gold pieces.

Inventory:

Hand Weapons
 a - a +1 war axe (weapon)
Missiles
 j - 5 javelins (quivered)
Armour
 b - a +0 scale mail
 c - a +0 buckler (worn)
 i - a +2 ring mail of positive energy (worn)
Scrolls
 e - 7 scrolls of identify
 g - a scroll of fog
 m - a scroll of silence {unknown}
Potions
 d - a potion of might
 h - 2 potions of attraction
 k - 3 potions of curing
 l - 2 potions of berserk rage {unknown}


   Skills:
 + Level 4.6 Fighting
 + Level 4.1 Axes
 + Level 4.2 Armour
 + Level 4.2 Shields


You had 4 spell levels left.
You didn't know any spells.
Your spell library contained the following spells:

 Spells                   Type           Power      Damage    Failure   Level
 Static Discharge         Conj/Air       0%         2-2/arc   82%         2
 Vhi's Electric Charge    Tloc/Air       0%         N/A       96%         3
 Arcjolt                  Conj/Air       0%         1d10      100%        5
 Lightning Bolt           Conj/Air       0%         1d11      100%        5
 Summon Forest            Summ/Tloc      0%         N/A       100%        5
 Summon Mana Viper        Hex/Summ       0%         N/A       100%        5
 Summon Cactus Giant      Summ           0%         N/A       100%        6


Dungeon Overview and Level Annotations

Branches:
Dungeon (4/15)
 Temple: D:4-7

Altars:
Vehumet

Annotations:
D:4 Ijyb


Message History

You kill the dart slug!
You see here a dart slug corpse.
Ijyb the Twisted Goblin comes into view.
She is wielding a +0 dagger and carrying a wand of iceblast (13).
A kobold comes into view.
It is wielding a +0 short sword of protection.
The kobold shouts!
Ijyb screams, "It's all mine!"
Ijyb zaps a wand.
The mass of ice explodes!
The iceblast engulfs you!
You hear a shout!
Ijyb drinks a potion.
Ijyb seems to grow stronger.
Ijyb hits you with a +0 dagger.
You hit Ijyb.
Ijyb is lightly wounded.
Ijyb hits you with a +0 dagger. The kobold closely misses you.
Ijyb hits you with a +0 dagger.
You barely miss Ijyb.
Ijyb is lightly wounded.
You barely miss the kobold. Ijyb hits you with a +0 dagger.
The kobold hits you with a +0 short sword of protection.
You hit Ijyb.
Ijyb is lightly wounded.
You barely miss the kobold. You block Ijyb's attack.
The kobold hits you with a +0 short sword of protection. x2
Ijyb hits you with a +0 dagger.
* * * LOW HITPOINT WARNING * * *
Blink to where?
Press: ? - help, Q - select action, (/) - cycle Dir - move target
As you read the scroll of blinking, it crumbles to dust.
A goblin comes into view. It is wielding a +0 club.
The goblin shouts!
Ijyb screams, "Die!"
You block the goblin's attack.
You hit the goblin.
You kill the goblin!
You closely miss the kobold.
Ijyb zaps a wand.
The mass of ice explodes!
The iceblast engulfs the kobold!
The kobold dies!
The iceblast engulfs you!
* * * LOW HITPOINT WARNING * * *
Ijyb zaps a wand.
The mass of ice explodes!
The iceblast engulfs you!
You die...

#.#
#..###...#.#.#
#. #K#
#..#.....#.#.#
#.. #.#
#..#.#...#.#.#
#.. #g#
#..#.#...#.#.##
#.. #.#
#....†.........
.... #.#
#...g#..#..#.###
.##. #.#
#....#.....#
#....####
#.###...)#.###.#
#>.......
#........@<....#
#.#######
#..##.#.########
#.# #.§#......
#.# #..####.###
###.####### #...
.... #..........
#.... ..###
#.#.##...##
#########
#.#.##...#
#.#.#######
##.#.# #.


You could see Ijyb (strong).

Vanquished Creatures
  A jelly (D:4)
  3 gnolls (D:4)
  An adder (D:3)
  3 dart slugs
  5 bats
  8 endoplasms
  3 giant cockroaches
  10 goblins
  9 hobgoblins
  3 ball pythons
  2 frilled lizards
  3 kobolds
  6 rats
57 creatures vanquished.

Vanquished Creatures (others)
  A bat (D:3)
  A kobold (D:4)
  A plant (D:2)
3 creatures vanquished.

Grand Total: 60 creatures vanquished

Notes
Turn   | Place    | Note
-------+----------+-------------------------------------------
     0 | D:1      | p00ps00p the Hill Orc Fighter began the quest for the Orb.
     0 | D:1      | Reached XP level 1. HP: 19/19 MP: 1/1
    93 | D:1      | Reached XP level 2. HP: 20/27 MP: 2/2
   436 | D:1      | Reached XP level 3. HP: 33/33 MP: 3/3
   977 | D:2      | Found a faded altar of an unknown god.
  1820 | D:3      | Found a radiant altar of Vehumet.
  1952 | D:3      | Reached XP level 4. HP: 37/40 MP: 4/4
  2665 | D:4      | Reached XP level 5. HP: 42/47 MP: 5/5
  2761 | D:4      | Noticed Ijyb
  2794 | D:4      | Killed from afar by Ijyb

Illustrated notes

Levels and vault maps discovered:
D:1:      amcnicky_arrival_wind_blow, layout_rooms
D:2:      kennysheep_big_flooded_room, layout_rooms,
          shapermc_ecumenical_altar_mp_ritualfount
D:3:      layout_basic, nicolae_vehumet_altar_sigil
D:4:      layout_basic, lemuel_temple_firewalk_b, uniq_ijyb

Skill      XL: |  1  2  3  4 |
---------------+-------------+-----
Axes           | 3 4 |  4.1
Fighting       | 4 |  4.6
Armour         | 4 |  4.2
Shields        | 4 |  4.2

Action                   |  1- 3 |  4- 6 || total
-------------------------+-------+-------++-------
Melee: War axe           |    82 |    40 ||   122
  Use: Scroll            |     9 |     1 ||    10
Armor: Scale mail        |    68 |     1 ||    69
       Ring mail         |       |     8 ||     8
Dodge: Dodged            |    60 |    18 ||    78
Block: Buckler           |    27 |     8 ||    35

Table legend: (Time is in decaauts)
 A = Elapsed time spent in this place.
 B = Non-inter-level travel time spent in this place.
 C = Inter-level travel time spent in this place.
 D = Time resting spent in this place.
 E = Time spent auto-exploring this place.
 F = Levels seen in this place.
 G = Mean time per level.
                   A        B        C        D        E       F      G
               +--------+--------+--------+--------+--------+-----+--------+
         Total |   2838 |   2738 |    100 |    349 |   1881 |   4 |  709.5 |
       Dungeon |   2838 |   2738 |    100 |    349 |   1881 |   4 |  709.5 |
               +--------+--------+--------+--------+--------+-----+--------+

Top non-repeatable levels by time:
     D:3: 855 daAuts
     D:2: 788 daAuts
     D:4: 641 daAuts
     D:1: 554 daAuts
